 Dungeon Crawl Stone Soup version 0.30.1-11-g7821555f0a (webtiles) character file.

Game seed: 2692115655991193634

89 CrazyMind the Covered (level 4, -2/40 HPs)
             Began as an Armataur Fighter on Oct 28, 2023.
             Succumbed to a gnoll's poison
             ... on level 2 of the Dungeon.
             The game lasted 00:04:55 (1476 turns).

CrazyMind the Covered (Armataur Fighter)            Turns: 1476, Time: 00:04:56

Health: -2/40      AC:  9    Str: 24    XL:     4   Next: 31%
Magic:  4/4        EV:  6    Int:  8    God:
Gold:   156        SH:  4    Dex: 12    Spells: 3/3 levels left

rFire   . . .        a - +0 war axe
rCold   . . .        c - +0 buckler
rNeg    . . .        n - +0 chain mail of Lust {Dex+3}
rPois   .            (no helmet)
rElec   .            (no cloak)
rCorr   .            f - +0 pair of gloves
SInv    .            (no barding)
Will    .....        (no amulet) Stlth
                     g - ring of flight
HPRegen 0.26/turn    (no ring)
MPRegen 0.09/turn

%: roll
@: brilliant, lethally poisoned (-2 -> -13), flying
A: large, rugged brown scales 3, deformed body, armoured tail, roll, long
tongue, awkward tongue
a: no special abilities


You were on level 2 of the Dungeon.
You visited 1 branch of the dungeon, and saw 2 of its levels.

You collected 156 gold pieces.

Inventory:

Hand Weapons
 a - a +0 war axe (weapon)
Armour
 b - a +0 scale mail
 c - a +0 buckler (worn)
 f - a +0 pair of gloves (worn)
 n - the +0 chain mail of Lust (worn) {Dex+3}
   (You found it on level 2 of the Dungeon)

   Dex:       It affects your dexterity (+3).
Jewellery
 g - a ring of flight (left hand)
 h - a ring of wizardry
Scrolls
 e - a scroll of teleportation {unknown}
 i - a scroll of identify {unknown}
 j - a scroll of enchant weapon {unknown}
 o - a scroll of silence {unknown}
 q - 2 scrolls of fear {unknown}
 s - a scroll of noise {unknown}
Potions
 d - a potion of might
 l - a potion of flight {unknown}
 m - a potion of haste {unknown}
 p - a potion of invisibility {unknown}
 r - a potion of cancellation


   Skills:
 + Level 3.1 Fighting
 * Level 2.7 Axes
 + Level 4.2 Armour
 + Level 0.2 Dodging
 + Level 0.2 Stealth
 + Level 3.7 Shields


You had 3 spell levels left.
You didn't know any spells.
Your spell library contained the following spells:

 Spells                   Type           Power      Damage    Failure   Level
 Foxfire                  Conj/Fire      0%         2x1d4     96%         1
 Fireball                 Conj/Fire      0%         3d3       100%        5
 Plasma Beam              Fire/Air       0%         2x1d11    100%        6
 Starburst                Conj/Fire      0%         6d3       100%        6


Dungeon Overview and Level Annotations

Branches:
Dungeon (2/15) Zot: 10466

Altars:

Shops:
D:1 ==


Innate Abilities, Weirdness & Mutations

You are completely covered in rugged brown scales. (AC +3, +7% HP)
Armour fits poorly on your strangely shaped body.
You have a long armoured tail.
You roll when moving toward enemies. (Rampage)
Your long tongue fully drains potion bottles. (2x potion effects)
Your tongue gives you trouble enunciating. (1.5x scroll delay)


Message History

A mysterious force pulls you upwards. The hatch slams shut behind you.
There is a stone staircase leading down here.
You fly downwards.
There is a stone staircase leading up here.
You see here 6 stones.
A gnoll is nearby!
The gnoll shouts!
You hear a shout!
You block the gnoll's attack. The gnoll closely misses you.
You hit the gnoll. You tail-slap the gnoll!
You kill the gnoll!
The gnoll closely misses you.
You see here a +0 halberd.
You hit the gnoll.
The gnoll is moderately wounded.
The gnoll hits you with a +2 halberd of venom!
You are poisoned.
You hit the gnoll but do no damage.
The gnoll is moderately wounded.
You feel very sick. The gnoll barely misses you.
The gnoll hits you with a +2 halberd of venom.
You are more poisoned.
You are too injured to fight recklessly!
You hit the gnoll.
The gnoll is heavily wounded.
You feel extremely sick.
The gnoll hits you with a +2 halberd of venom!
* * * LOW HITPOINT WARNING * * *
It was a potion of cancellation.
You feel magically purged.
You slurp down every last drop of the potion of cancellation!
* * * LOW HITPOINT WARNING * * *
You feel very sick. The gnoll hits you but does no damage.
Okay, then.
Okay, then.
It was a potion of brilliance.
You feel clever all of a sudden.
You slurp down every last drop of the potion of brilliance!
You die...

##)..#.........#########...#.###<
...#...######.## #.......(.
.......######..# #...)..##.
...###.......#.# #.#....##.
#..#########...## #..######.
....# ##...# ##.#### ## ###.#
#.#.# #....## # .# #..g###
####..# # # ..
##..@.###########.# # # #..
##...........# #.### # ##.
####.........###.... # ..
....................... #
#######.........####### #
#.........# # # #.........# #
#.........# # ########### #


You could see a gnoll.

Vanquished Creatures
  2 gnolls
  An adder (D:2)
  A worm (D:2)
  3 dart slugs
  2 ball pythons
  5 bats
  An endoplasm (D:2)
  2 giant cockroaches (D:1)
  8 goblins
  3 hobgoblins
  6 jackals (D:1)
  4 quokkas
  2 frilled lizards
  4 kobolds
  3 rats (D:1)
47 creatures vanquished.

Notes
Turn   | Place    | Note
-------+----------+-------------------------------------------
     0 | D:1      | CrazyMind the Armataur Fighter began the quest for the Orb.
     0 | D:1      | Reached XP level 1. HP: 19/19 MP: 1/1
   110 | D:1      | Reached XP level 2. HP: 26/26 MP: 2/2
   122 | D:1      | Reached skill level 4 in Armour
   211 | D:1      | Found Lynaoh's Jewellery Shoppe.
   336 | D:1      | Reached XP level 3. HP: 32/32 MP: 3/3
   544 | D:1      | Found Unigi's Jewellery Shop.
   838 | D:2      | Identified the +0 chain mail of Lust {Dex+3}
  1187 | D:2      | Reached XP level 4. HP: 39/39 MP: 4/4
  1475 | D:2      | HP: 1/40 [poisoned by a gnoll]
  1476 | D:2      | Succumbed to a gnoll's poison

Illustrated notes

Levels and vault maps discovered:
D:1:      minmay_arrival_three_doors, layout_loops_ring, serial_shops,
          nicolae_lakefront_shop, shop, minmay_stone_trees_small
D:2:      layout_rooms, minmay_misc_feat_cross

Skill      XL: |  1  2  3  4 |
---------------+-------------+-----
Armour         | 4 |  4.2
Axes           | 2 |  2.7
Fighting       | 3 |  3.1
Dodging        | |  0.2
Stealth        | |  0.2
Shields        | |  3.7

Action                     |  1- 3 |  4- 6 || total
---------------------------+-------+-------++-------
  Melee: War axe           |   117 |    16 ||   133
         Tailslap          |     8 |     3 ||    11
    Use: Potion            |       |     2 ||     2
 Armour: Scale mail        |    77 |       ||    77
         Chain mail        |     4 |     7 ||    11
  Dodge: Dodged            |    37 |     6 ||    43
  Block: Buckler           |    32 |     5 ||    37
